 Dungeon Crawl Stone Soup version 0.28.0-53-g5a82cb258f (webtiles) character file.

Game seed: 8832105721089500596

57 DildoBatman the Conjurer (level 4, -5/30 HPs)
             Began as a Formicid Conjurer on June 9, 2022.
             Slain by a water moccasin (6 damage)
             ... on level 4 of the Dungeon.
             The game lasted 00:02:39 (1132 turns).

DildoBatman the Conjurer (Formicid Conjurer)        Turns: 1132, Time: 00:02:39

Health: -5/30      AC:  2    Str: 12    XL:     4   Next: 18%
Magic:  6/7        EV: 12    Int: 17    God:
Gold:   37         SH:  0    Dex: 11    Spells: 4/7 levels left

rFire   . . .      SeeInvis +   a - +0 hunting sling
rCold   . . .      Faith    .   (no shield)
rNeg    . . .      Spirit   .   e - +0 robe
rPois   .          Reflect  .   (helmet unavailable)
rElec   .          Harm     .   (no cloak)
rCorr   .          Rampage  .   (no gloves)
Will    .....                   (no boots)
Stlth   ++........              (no amulet)
HPRegen 0.10/turn               (no ring)
MPRegen 0.10/turn               (no ring)

@: lethally poisoned (-5 -> -8)
A: permanent stasis, dig shafts and tunnels, antennae 3, four strong arms
a: Dig, Shaft Self


You were on level 4 of the Dungeon.
You visited 1 branch of the dungeon, and saw 3 of its levels.

You collected 37 gold pieces.

Inventory:

Hand Weapons
 a - a +0 hunting sling (weapon)
 c - a +0 mace
Missiles
 b - 81 stones (quivered ammo)
 d - 15 sling bullets
 m - 15 bolts
Armour
 e - a +0 robe (worn)
Scrolls
 f - 2 scrolls of teleportation {unknown}
 i - a scroll of identify {unknown}
 l - a scroll of enchant armour {unknown}
Potions
 g - a potion of cancellation {unknown}
 h - a potion of curing {unknown}
 j - a potion of heal wounds {unknown}
 k - 2 potions of flight {unknown}


   Skills:
 - Level 1.7 Dodging
 - Level 2.4 Stealth
 - Level 2.1 Spellcasting
 * Level 5.0 Conjurations


You had 4 spell levels left.
You knew the following spells:

 Your Spells              Type           Power      Damage    Failure   Level
a - Searing Ray           Conj           36%        2d5       3%          2
c - Magic Dart            Conj           72%        1d6       2%          1

Your spell library contained the following spells:

 Spells                   Type           Power      Damage    Failure   Level
 Dazzling Flash           Conj/Hex       20%        N/A       21%         3
 Fulminant Prism          Conj/Hex       5%         3d7       56%         4
 Iskenderun's Mystic Bla  Conj/Tloc      10%        2d4       56%         4


Dungeon Overview and Level Annotations

Branches:
Dungeon (2/15)

Altars:

Annotations:
D:2 1 exclusion


Innate Abilities, Weirdness & Mutations

You cannot be hasted, slowed, berserked, paralysed or teleported.
You can dig through walls and to a lower floor.
You have a pair of large antennae on your head. (SInv)
Your four strong arms can wield two-handed weapons with a shield.


Message History

The water moccasin closely misses you. What are your orders? t - Shout!
Orders for allies: a - Attack new target. r - Retreat! s - Stop attacking. g - Guard the area. f - Follow me.
Anything else - Cancel.
You shout for attention!
You feel sick. The water moccasin bites you. What are your orders? t - Shout!
Orders for allies: a - Attack new target. r - Retreat! s - Stop attacking. g - Guard the area. f - Follow me.
Anything else - Cancel.
You shout for attention!
You feel sick. The water moccasin barely misses you.
The water moccasin bites you but does no damage.
What are your orders? t - Shout!
Orders for allies: a - Attack new target. r - Retreat! s - Stop attacking. g - Guard the area. f - Follow me.
Anything else - Cancel.
You shout for attention!
You feel sick. The water moccasin bites you. What are your orders? t - Shout!
Orders for allies: a - Attack new target. r - Retreat! s - Stop attacking. g - Guard the area. f - Follow me.
Anything else - Cancel.
You shout for attention!
You feel sick. The water moccasin misses you. The water moccasin bites you.
You die...

#........≈
#........
#.....(..
#......
#.....
#...###
#.S..#
#.@..#
#?......#
#.......#
#.......#
#.......#
#.#...#..#
#.##......#
#. ###....


You could see a water moccasin.

Vanquished Creatures
  2 adders (D:2)
  2 worms (D:2)
  3 ball pythons
  4 bats (D:1)
  2 endoplasms
  3 goblins
  6 hobgoblins
  2 kobolds (D:1)
  2 quokkas (D:1)
  4 frilled lizards (D:1)
  A rat (D:1)
31 creatures vanquished.

Notes
Turn   | Place    | Note
-------+----------+-------------------------------------------
     0 | D:1      | DildoBatman the Formicid Conjurer began the quest for the
                  | Orb.
     0 | D:1      | Reached XP level 1. HP: 13/13 MP: 3/3
    99 | D:1      | Reached XP level 2. HP: 19/19 MP: 1/5
   100 | D:1      | Reached skill level 4 in Conjurations
   103 | D:1      | Learned a level 2 spell: Searing Ray
   360 | D:1      | Reached XP level 3. HP: 24/24 MP: 4/6
   827 | D:2      | Found a faded altar of an unknown god.
  1106 | D:2      | Reached skill level 5 in Conjurations
  1106 | D:2      | Reached XP level 4. HP: 30/30 MP: 4/7
  1109 | D:2      | You fall into a shaft and drop 2 floors!
  1113 | D:4      | Noticed a water moccasin
  1132 | D:4      | HP: 1/30 [poisoned by a water moccasin]
  1132 | D:4      | Slain by a water moccasin

Illustrated notes

Levels and vault maps discovered:
D:1:      dpeg_arrival_pond, layout_basic
D:2:      layout_rooms, ebering_ecumenical_altar_petrified, cheibrodos_gnoll_hut
D:4:      layout_loops_cross, temple_pool_b, uniq_blork_the_orc, uniq_pikel

Skill      XL: |  1  2  3 |
---------------+----------+-----
Conjurations   | 4 5 |  5.0
Dodging        | |  1.7
Stealth        | |  2.4
Spellcasting   | |  2.1

Action                   |  1- 3 |  4- 6 || total
-------------------------+-------+-------++-------
Melee: Mace              |     1 |       ||     1
 Fire: Hunting sling     |    55 |     1 ||    56
 Cast: Magic Dart        |    19 |       ||    19
       Searing Ray       |     4 |       ||     4
 Abil: Shaft Self        |       |     1 ||     1
Armor: Robe              |     3 |     1 ||     4
Dodge: Dodged            |     5 |    12 ||    17
